AoeStats
← oemer43k

Arena

508058108Analyzed
2v2 RM · 13d ago on Sep 20, 2026· 55m 57s· 4 players
Game mode
Random Map
Map size
Medium (4 player)
Population
200
Speed
Normal
Resources
Standard
Victory
Conquest
Starting age
Dark Age
Ending age
Imperial Age
RankedLock teamsTeams togetherTeam positionsShared explorationLock speedFull tech treeHidden civsTurbo modeCheats
Victory
Defeat
🇺🇸 Inca · United States
692
+13
🇺🇸 Bohemians · United States
681
+14
🇩🇪 Franks · Germany
640
-14
🇺🇸 Spanish · United States
620
-13
limetree1978
12:45 Feudal Age
13:09 Horse Collar
14:41 Double-Bit Axe
21:40 Castle Age
20:06 Stone Mining
20:44 Gold Mining
22:33 Heavy Plow
23:21 Scale Barding Armor
23:46 Bow Saw
32:53 Imperial Age
31:02 Wheelbarrow
30:00 Pikeman
30:58 Fervor
30:57 Padded Archer Armor
31:28 Town Watch
31:30 Loom
32:37 Coinage
32:54 Squires
32:58 Husbandry
33:24 Fletching
36:18 Hand Cart
36:00 Arson
36:50 Fortified Wall
37:18 Scale Mail Armor
37:33 Leather Archer Armor
39:39 Hoardings
41:41 Chemistry
40:56 Forging
41:03 Inquisition
42:33 Chain Mail Armor
46:14 Plate Mail Armor
46:05 Chain Barding Armor
46:16 Ring Archer Armor
46:15 Light Cavalry
46:57 Arrowslits
47:33 Ballistics
48:59 Halberdier
50:46 Plate Barding Armor
50:46 Iron Casting
50:07 Bodkin Arrow
oemer43k
0:38 Loom
11:35 Feudal Age
15:57 Castle Age
13:53 Double-Bit Axe
14:40 Stone Mining
17:12 Wheelbarrow
17:53 Gold Mining
19:19 Bow Saw
19:30 Town Watch
26:22 Murder Holes
26:43 Fletching
27:04 Forging
27:23 Bodkin Arrow
28:18 Hand Cart
28:24 Husbandry
28:12 Gambesons
29:01 Ballistics
30:29 #83
30:27 Town Patrol
32:46 Gold Shaft Mining
32:44 Scale Barding Armor
33:15 Iron Casting
32:48 Padded Archer Armor
32:50 Scale Mail Armor
36:15 Imperial Age
35:06 Chain Barding Armor
35:54 Squires
35:41 Arson
37:46 Plate Barding Armor
36:51 Cavalier
38:37 Chemistry
38:06 Fortified Wall
37:54 Elite Throwing Axeman
39:41 Conscription
41:16 Chain Mail Armor
41:36 Leather Archer Armor
44:45 Caravan
46:15 Plate Mail Armor
46:46 Blast Furnace
48:28 Paladin
Scoobydoo117778
0:51 Loom
13:05 Feudal Age
13:43 Double-Bit Axe
14:13 Horse Collar
20:38 Castle Age
18:25 Town Watch
20:12 Wheelbarrow
20:39 Man-at-Arms
21:05 Arson
21:21 Squires
22:38 Bow Saw
24:37 Pikeman
32:44 Chemistry
32:29 Scale Mail Armor
32:21 Fletching
32:44 Forging
37:44 Imperial Age
35:34 Hand Cart
36:42 Elite Skirmisher
37:45 Houfnice
38:38 Bodkin Arrow
38:46 Padded Archer Armor
38:56 Halberdier
40:55 Bracer
42:09 Siege Engineers
43:34 Two-Man Saw
43:14 Ballistics
43:51 Leather Archer Armor
45:19 Long Swordsman
54:01 Elite Hussite Wagon
drtySASQUATCH69
0:32 Loom
17:56 Feudal Age
18:36 Champi Runner
19:56 Wheelbarrow
19:11 Double-Bit Axe
19:11 Horse Collar
19:26 Gold Mining
19:26 Stone Mining
20:27 Arson
23:08 Fletching
23:18 Padded Archer Armor
24:06 Scale Mail Armor
24:17 Forging
27:15 Castle Age
28:05 Champi Warrior
28:46 Squires
29:06 Hand Cart
29:25 Bow Saw
29:20 Heavy Plow
30:03 Gold Shaft Mining
31:31 Bodkin Arrow
31:52 Leather Archer Armor
32:44 Thumb Ring
34:33 Andean Sling
36:38 Stone Shaft Mining
37:25 Iron Casting
37:06 Chain Mail Armor
37:25 Caravan
45:53 Imperial Age
46:58 Guilds
47:45 Crop Rotation
47:48 Conscription
47:31 Fabric Shields
47:38 Elite Kamayuk
49:49 Blast Furnace
49:20 Plate Mail Armor
49:03 Bracer
49:33 Ring Archer Armor
50:26 Ballistics
51:07 Chemistry
52:03 Elite Champi Warrior
Connection lost

Rejoining the realm…

Still unreachable

The connection could not be restored.

Session expired

The server has moved on; the page needs a fresh start.